[ AOE2 MATCH · #506068269 ]
UnrankedCelts vs Koreans
Player's team · LOSS
Rival team · WIN
[ REPLAY ANALYSIS · EXTRACTED FROM THE RECORDED GAME ]
Feudal
13:43
Castle
—
Imperial
—
| APM avg | 53.6 |
| APM peak | 89 |
| eAPM avg | 23.4 |
| Villagers / military | 64 / 99 |
Focus
⚔️ 45.0% · 🌾 55.0%
Skirmisher ×87 · Militia ×8 · Spearman ×4
Feudal
9:26
Castle
26:36
Imperial
—
| APM avg | 57.9 |
| APM peak | 98 |
| eAPM avg | 18.4 |
| Villagers / military | 60 / 71 |
Focus
⚔️ 34.5% · 🌾 65.5%
Skirmisher ×44 · Archer ×21 · Fire Lancer ×6
Match map
Initial resources + every placement click. Lines = walls · curves = elevation contours. ◆ gold · ⬟ stone · ● berries · ✦ relic · ◌ wall gap
Your base· Open — unwalled flank
[TETU] tachou's base· Open — 1t gap
Smoothed initial terrain · ◌ = detected wall gap · hover for details
Inputs per minute
— *** - - [TETU] tachou
Build order — ***
First 150 of 237 actions detected
| 0:01 | Queue | Villager (Male) |
| 0:01 | Queue | Villager (Male) |
| 0:02 | Build | House |
| 0:03 | Build | House |
| 0:06 | Queue | Villager (Male) |
| 0:06 | Queue | Villager (Male) |
| 1:25 | Queue | Villager (Male) |
| 1:25 | Queue | Villager (Male) |
| 1:48 | Queue | Villager (Male) |
| 2:07 | Queue | Villager (Male) |
| 2:07 | Queue | Villager (Male) |
| 2:46 | Build | Barracks |
| 2:51 | Queue | Villager (Male) |
| 2:51 | Queue | Villager (Male) |
| 3:07 | Build | House |
| 3:15 | Queue | Villager (Male) |
| 3:28 | Queue | Villager (Male) |
| 3:43 | Build | House |
| 3:53 | Queue | Militia |
| 4:09 | Queue | Villager (Male) |
| 4:09 | Queue | Villager (Male) |
| 4:28 | Queue | Villager (Male) |
| 4:52 | Queue | Militia |
| 4:59 | Queue | Villager (Male) |
| 5:32 | Queue | Villager (Male) |
| 5:38 | Build | Lumber Camp |
| 5:47 | Queue | Militia |
| 5:57 | Queue | Villager (Male) |
| 6:07 | Queue | Villager (Male) |
| 6:36 | Queue | Militia |
| 6:39 | Queue | Villager (Male) |
| 6:40 | Queue | Villager (Male) |
| 6:42 | Build | House |
| 6:55 | Queue | Villager (Male) |
| 7:04 | Queue | Militia |
| 7:44 | Queue | Villager (Male) |
| 7:50 | Build | Mill |
| 7:56 | Queue | Villager (Male) |
| 8:15 | Queue | Villager (Male) |
| 8:33 | Queue | Villager (Male) |
| 8:45 | Build | Mill |
| 8:54 | Queue | Villager (Male) |
| 8:58 | Build | House |
| 9:05 | Queue | Villager (Male) |
| 9:25 | Queue | Villager (Male) |
| 9:56 | Queue | Villager (Male) |
| 10:01 | Build | Mining Camp |
| 10:07 | Queue | Villager (Male) |
| 10:21 | Build | Farm |
| 10:32 | Queue | Villager (Male) |
| 10:35 | Build | Farm |
| 10:56 | Build | House |
| 11:08 | Queue | Villager (Male) |
| 11:25 | Research | Feudal Age |
| 12:00 | Build | Farm |
| 12:02 | Build | Farm |
| 12:07 | Research | Loom |
| 12:22 | Queue | Villager (Male) |
| 12:32 | Build | Farm |
| 12:32 | Build | Farm |
| 12:50 | Build | House |
| 13:21 | Build | House |
| 13:23 | Build | House |
| 13:42 | Queue | Villager (Male) |
| 13:43 | Age | Feudal Age |
| 13:45 | Build | Archery Range |
| 13:47 | Build | Blacksmith |
| 13:59 | Research | Man-at-Arms (upgrade) |
| 14:15 | Queue | Villager (Male) |
| 14:18 | Build | Archery Range |
| 14:21 | Research | Padded Archer Armor |
| 14:22 | Queue | Skirmisher |
| 14:22 | Queue | Skirmisher |
| 14:35 | Queue | Villager (Male) |
| 14:38 | Queue | Skirmisher |
| 14:45 | Build | House |
| 14:47 | Build | House |
| 14:49 | Build | House |
| 15:04 | Research | Fletching |
| 15:04 | Queue | Skirmisher |
| 15:05 | Queue | Skirmisher |
| 15:11 | Queue | Villager (Male) |
| 15:12 | Queue | Militia |
| 15:15 | Queue | Skirmisher |
| 15:23 | Research | Town Watch |
| 15:25 | Queue | Villager (Male) |
| 15:33 | Build | House |
| 15:40 | Queue | Skirmisher |
| 15:40 | Queue | Skirmisher |
| 16:04 | Queue | Villager (Male) |
| 16:05 | Queue | Militia |
| 16:09 | Queue | Militia |
| 16:10 | Queue | Villager (Male) |
| 16:23 | Queue | Villager (Male) |
| 16:31 | Queue | Villager (Male) |
| 16:32 | Queue | Villager (Male) |
| 16:39 | Build | Lumber Camp |
| 16:39 | Queue | Villager (Male) |
| 16:54 | Build | Farm |
| 17:06 | Build | Farm |
| 17:16 | Queue | Villager (Male) |
| 17:19 | Build | Farm |
| 17:30 | Queue | Skirmisher |
| 17:31 | Queue | Skirmisher |
| 17:35 | Build | Farm |
| 17:39 | Build | Farm |
| 17:48 | Queue | Skirmisher |
| 18:00 | Build | Farm |
| 18:01 | Queue | Skirmisher |
| 18:01 | Queue | Skirmisher |
| 18:11 | Queue | Skirmisher |
| 18:11 | Queue | Skirmisher |
| 18:16 | Build | Archery Range |
| 18:27 | Queue | Skirmisher |
| 18:27 | Queue | Skirmisher |
| 18:32 | Build | Farm |
| 18:40 | Queue | Skirmisher |
| 18:40 | Queue | Skirmisher |
| 18:42 | Build | House |
| 18:45 | Build | House |
| 18:53 | Queue | Skirmisher |
| 18:53 | Queue | Skirmisher |
| 18:59 | Build | Gate |
| 19:00 | Build | House |
| 19:01 | Queue | Skirmisher |
| 19:02 | Queue | Skirmisher |
| 19:07 | Queue | Skirmisher |
| 19:14 | Queue | Skirmisher |
| 19:14 | Queue | Skirmisher |
| 19:37 | Queue | Skirmisher |
| 19:37 | Queue | Skirmisher |
| 19:50 | Queue | Skirmisher |
| 19:50 | Queue | Skirmisher |
| 19:54 | Queue | Villager (Male) |
| 19:56 | Build | Mill |
| 19:57 | Build | Farm |
| 19:57 | Build | Farm |
| 19:57 | Build | Farm |
| 19:57 | Build | Farm |
| 19:58 | Build | Farm |
| 19:58 | Build | Farm |
| 19:58 | Build | Farm |
| 20:05 | Research | Horse Collar |
| 20:06 | Research | Horse Collar |
| 20:43 | Queue | Skirmisher |
| 20:43 | Queue | Skirmisher |
| 20:44 | Queue | Villager (Male) |
| 20:50 | Queue | Skirmisher |
| 20:50 | Queue | Skirmisher |
| 20:53 | Build | Farm |
Build order — [TETU] tachou
First 150 of 206 actions detected
| 0:00 | Queue | Villager (Male) |
| 0:01 | Queue | Villager (Male) |
| 0:01 | Queue | Villager (Male) |
| 0:01 | Queue | Villager (Male) |
| 0:03 | Build | House |
| 0:05 | Build | House |
| 1:24 | Queue | Villager (Male) |
| 1:57 | Build | Lumber Camp |
| 1:58 | Queue | Villager (Male) |
| 2:14 | Queue | Villager (Male) |
| 2:14 | Queue | Villager (Male) |
| 2:14 | Queue | Villager (Male) |
| 2:45 | Queue | Villager (Male) |
| 3:01 | Queue | Villager (Male) |
| 3:40 | Queue | Villager (Male) |
| 3:51 | Build | House |
| 4:00 | Queue | Villager (Male) |
| 4:01 | Queue | Villager (Male) |
| 4:51 | Queue | Villager (Male) |
| 5:25 | Queue | Villager (Male) |
| 5:28 | Queue | Villager (Male) |
| 5:33 | Build | Mining Camp |
| 5:49 | Build | Palisade Wall |
| 5:52 | Build | Palisade Wall |
| 5:54 | Queue | Villager (Male) |
| 5:57 | Research | Loom |
| 6:06 | Build | Palisade Wall |
| 6:17 | Build | Palisade Wall |
| 6:18 | Build | Palisade Wall |
| 7:00 | Build | Palisade Wall |
| 7:16 | Research | Feudal Age |
| 7:21 | Build | House |
| 7:24 | Build | Palisade Wall |
| 7:28 | Build | Palisade Wall |
| 7:32 | Build | Palisade Wall |
| 7:33 | Build | Palisade Wall |
| 7:47 | Queue | Villager (Male) |
| 8:38 | Queue | Villager (Male) |
| 8:45 | Build | Barracks |
| 8:50 | Build | House |
| 9:05 | Queue | Villager (Male) |
| 9:26 | Age | Feudal Age |
| 9:37 | Build | Archery Range |
| 9:46 | Build | Mill |
| 10:21 | Queue | Archer |
| 10:22 | Queue | Archer |
| 10:24 | Build | House |
| 10:43 | Queue | Archer |
| 10:45 | Build | Archery Range |
| 10:51 | Queue | Archer |
| 11:03 | Queue | Archer |
| 11:05 | Build | Palisade Wall |
| 11:07 | Build | Palisade Wall |
| 11:11 | Build | Palisade Wall |
| 11:24 | Build | House |
| 11:31 | Queue | Archer |
| 11:51 | Build | Farm |
| 11:52 | Build | Farm |
| 12:28 | Queue | Villager (Male) |
| 12:30 | Queue | Archer |
| 12:30 | Queue | Archer |
| 12:51 | Queue | Villager (Male) |
| 12:52 | Queue | Archer |
| 13:14 | Queue | Archer |
| 13:20 | Queue | Villager (Male) |
| 13:32 | Build | House |
| 13:34 | Queue | Villager (Male) |
| 13:40 | Queue | Archer |
| 13:40 | Queue | Archer |
| 13:48 | Build | Blacksmith |
| 13:49 | Queue | Villager (Male) |
| 14:09 | Queue | Villager (Male) |
| 14:12 | Build | Farm |
| 14:34 | Queue | Archer |
| 14:35 | Queue | Archer |
| 14:36 | Queue | Villager (Male) |
| 14:44 | Build | Farm |
| 14:52 | Research | Fletching |
| 14:53 | Queue | Villager (Male) |
| 14:54 | Build | Farm |
| 15:06 | Queue | Archer |
| 15:06 | Queue | Archer |
| 15:16 | Queue | Archer |
| 15:19 | Queue | Villager (Male) |
| 15:21 | Build | Farm |
| 15:23 | Build | House |
| 15:33 | Queue | Villager (Male) |
| 15:42 | Build | House |
| 16:01 | Queue | Skirmisher |
| 16:01 | Queue | Skirmisher |
| 16:10 | Queue | Skirmisher |
| 16:13 | Build | Farm |
| 16:19 | Queue | Skirmisher |
| 16:19 | Queue | Skirmisher |
| 16:31 | Build | House |
| 16:32 | Queue | Villager (Male) |
| 16:37 | Queue | Villager (Male) |
| 16:54 | Build | House |
| 17:01 | Queue | Skirmisher |
| 17:03 | Queue | Villager (Male) |
| 17:29 | Queue | Skirmisher |
| 17:29 | Queue | Skirmisher |
| 17:49 | Queue | Villager (Male) |
| 17:53 | Queue | Villager (Male) |
| 17:55 | Queue | Skirmisher |
| 17:55 | Queue | Skirmisher |
| 17:56 | Queue | Skirmisher |
| 18:11 | Queue | Archer |
| 18:11 | Queue | Archer |
| 18:12 | Build | House |
| 18:14 | Build | Farm |
| 18:17 | Queue | Villager (Male) |
| 18:24 | Queue | Skirmisher |
| 18:24 | Queue | Skirmisher |
| 18:37 | Queue | Archer |
| 18:37 | Queue | Archer |
| 18:41 | Queue | Villager (Male) |
| 18:46 | Build | Palisade Wall |
| 18:50 | Build | Palisade Wall |
| 18:59 | Queue | Villager (Male) |
| 19:05 | Queue | Villager (Male) |
| 19:10 | Build | House |
| 19:19 | Queue | Skirmisher |
| 19:31 | Queue | Villager (Male) |
| 19:34 | Build | House |
| 19:35 | Build | Farm |
| 19:35 | Build | Farm |
| 19:36 | Build | Farm |
| 19:36 | Build | Farm |
| 19:36 | Build | Farm |
| 19:43 | Queue | Villager (Male) |
| 19:55 | Build | Farm |
| 20:02 | Queue | Skirmisher |
| 20:02 | Queue | Skirmisher |
| 20:11 | Queue | Villager (Male) |
| 20:13 | Build | Farm |
| 20:35 | Queue | Skirmisher |
| 20:35 | Queue | Skirmisher |
| 20:41 | Queue | Skirmisher |
| 20:42 | Queue | Skirmisher |
| 20:58 | Queue | Villager (Male) |
| 21:15 | Queue | Skirmisher |
| 21:20 | Queue | Villager (Male) |
| 21:22 | Build | Lumber Camp |
| 21:25 | Queue | Skirmisher |
| 21:38 | Queue | Skirmisher |
| 21:52 | Queue | Skirmisher |
| 21:55 | Queue | Villager (Male) |
| 21:58 | Queue | Skirmisher |
| 22:05 | Queue | Skirmisher |
Match timeline
| 2:46 | *** · first_building Barracks |
| 5:49 | [TETU] tachou · wall_segment Palisade Wall x1 |
| 5:52 | [TETU] tachou · wall_segment Palisade Wall x1 |
| 6:06 | [TETU] tachou · wall_segment Palisade Wall x1 |
| 6:17 | [TETU] tachou · wall_segment Palisade Wall x1 |
| 6:18 | [TETU] tachou · wall_segment Palisade Wall x1 |
| 7:00 | [TETU] tachou · wall_segment Palisade Wall x1 |
| 7:24 | [TETU] tachou · wall_segment Palisade Wall x2 |
| 7:28 | [TETU] tachou · wall_segment Palisade Wall x1 |
| 7:32 | [TETU] tachou · wall_segment Palisade Wall x1 |
| 7:33 | [TETU] tachou · wall_segment Palisade Wall x1 |
| 8:45 | [TETU] tachou · first_building Barracks |
| 9:26 | [TETU] tachou · age_up feudal |
| 9:37 | [TETU] tachou · first_building Archery Range |
| 11:05 | [TETU] tachou · wall_segment Palisade Wall x1 |
| 11:07 | [TETU] tachou · wall_segment Palisade Wall x1 |
| 11:11 | [TETU] tachou · wall_segment Palisade Wall x1 |
| 13:43 | *** · age_up feudal |
| 13:45 | *** · first_building Archery Range |
| 18:46 | [TETU] tachou · wall_segment Palisade Wall x1 |
| 18:50 | [TETU] tachou · wall_segment Palisade Wall x1 |
| 23:29 | [TETU] tachou · first_market_buy 100 food |
| 23:34 | [TETU] tachou · first_market_sell 100 wood |
| 26:15 | *** · first_market_sell 100 stone |
| 26:21 | *** · first_market_buy 100 food |
| 26:36 | [TETU] tachou · age_up castle |
| 27:02 | *** · first_building Stable |
| 28:27 | *** · resign |
[ AI ANALYSIS · 1 CREDIT ]
What really happened in this match?
Wolo.gg analyzes every decision: build order, eco, micro, common mistakes by bracket. Personalized analysis on WhatsApp or Discord in 30 seconds.
Civ guide
Celts
Perfil
Jugador #13688575